 Dungeon Crawl Stone Soup version 0.29.1-4-g47bece8355 (webtiles) character file.

Game seed: 18348326280212122301

998 ChadusMaximus the Caller (level 8, -6/52 HPs)
             Began as a Human Summoner on Dec 7, 2022.
             Mangled by Edmund
             ... wielding a +2 dire flail of protection
              (25 damage)
             ... on level 5 of the Dungeon.
             The game lasted 00:07:08 (6379 turns).

ChadusMaximus the Caller (Human Summoner)           Turns: 6379, Time: 00:07:09

Health: -6/52      AC:  2    Str: 10    XL:     8   Next: 43%
Magic:  7/15       EV: 13    Int: 17    God:
Gold:   210        SH:  5    Dex: 13    Spells: 7/17 levels left

rFire   . . .      SeeInvis .   t - +2 scythe (holy)
rCold   . . .      Faith    .   (shield currently unavailable)
rNeg    . . .      Spirit   .   a - +0 robe
rPois   .          Reflect  +   f - +0 hat
rElec   .          Harm     .   (no cloak)
rCorr   .          Rampage  .   (no gloves)
Will    .....                   (no boots)
Stlth   ++........              l - amulet of reflection
HPRegen 0.17/turn               (no ring)
MPRegen 0.14/turn               (no ring)

@: no status effects
A: no striking features
a: no special abilities


You were on level 5 of the Dungeon.
You visited 1 branch of the dungeon, and saw 5 of its levels.

You collected 210 gold pieces.

Inventory:

Hand Weapons
 c - a +0 dagger
 p - a +0 spear
 t - a +2 scythe of holy wrath (weapon)
Armour
 a - a +0 robe (worn)
 f - a +0 hat (worn)
 u - a +0 leather armour of poison resistance
 x - the +0 buckler of the Secret Youths {rC+ Will+ Int+3 Slay-6}
   (You found it on level 3 of the Dungeon)

   Int:       It affects your intelligence (+3).
   Slay:      It affects your accuracy & damage with ranged weapons and melee
   (-6).
   rC:        It protects you from cold.
   Will:      It increases your willpower.
Jewellery
 l - an amulet of reflection (around neck)
Scrolls
 e - 4 scrolls of teleportation {unknown}
 g - a scroll of fog {unknown}
 h - 4 scrolls of immolation {unknown}
 j - a scroll of identify {unknown}
 k - 2 scrolls of vulnerability {unknown}
 m - a scroll of poison {unknown}
 y - a scroll of enchant weapon {unknown}
Potions
 b - a potion of magic
 d - 3 potions of attraction {unknown}
 i - a potion of resistance {unknown}
 n - a potion of berserk rage
 o - 2 potions of mutation {unknown}
 q - a potion of flight {unknown}
 r - 2 potions of brilliance {unknown}
 s - a potion of invisibility {unknown}
 v - 2 potions of heal wounds {unknown}
 w - 2 potions of curing {unknown}
 z - 2 potions of ambrosia {unknown}
 A - a potion of degeneration {unknown}


   Skills:
 - Level 3.3 Dodging
 - Level 3.5 Stealth
 + Level 5.0 Spellcasting
 * Level 7.7 Summonings


You had 7 spell levels left.
You knew the following spells:

 Your Spells              Type           Power      Damage    Failure   Level
a - Summon Small Mammal   Summ           100%       N/A       1%          1
b - Call Canine Familiar  Summ           30%        N/A       1%          3
c - Call Imp              Summ           30%        N/A       1%          2
d - Summon Lightning Spi  Summ/Air       17%        N/A       28%         4

Your spell library contained the following spells:

 Spells                   Type           Power      Damage    Failure   Level
 Summon Guardian Golem    Hex/Summ       17%        N/A       9%          3
 Ensorcelled Hibernation  Hex/Ice        8%         N/A       22%         2
 Passwall                 Tmut/Erth      3%         N/A       22%         2
 Swiftness                Air            4%         N/A       38%         3
 Tukima's Dance           Hex            4%         N/A       38%         3
 Leda's Liquefaction      Hex/Erth       2%         N/A       80%         4
 Passage of Golubria      Tloc           4%         N/A       80%         4
 Lee's Rapid Deconstruct  Erth           2%         3d5*      98%         5
 Yara's Violent Unravell  Hex/Tmut       2%         3d3       98%         5
 Statue Form              Tmut/Erth      2%         N/A       100%        6


Dungeon Overview and Level Annotations

Branches:
Dungeon (5/15)
 Temple: D:4-7

Altars:
Nemelex Xobeh

Annotations:
D:5 Edmund


Message History

Your hound closely misses the hound.
Your crimson imp barely misses the ogre.
The ogre misses your crimson imp. The hound completely misses your hound.
You reach to attack!
You hit the ogre.
The ogre is severely wounded.
Your hound barely misses the hound.
The hound barely misses your hound.
Your crimson imp hits the ogre.
Your hound barely misses the hound.
Edmund drinks a potion.
Edmund goes berserk!
The ogre closely misses your crimson imp.
The hound bites your hound. Edmund closely misses your crimson imp.
Your crimson imp hits the ogre.
Your hound barely misses the hound.
You could not reach far enough!
The hound barely misses your hound.
Your hound barely misses the hound.
Edmund closely misses your crimson imp.
The hound bites your hound but does no damage.
Your crimson imp hits the ogre.
Something closely misses your hound.
The ogre closely misses your crimson imp.
Edmund hits your crimson imp with a +2 dire flail of protection!!
Your crimson imp dies!
Your crimson imp disappears in a puff of smoke!
Your hound bites the hound.
You reach to attack!
You puncture the ogre!
You kill the ogre!
The hound bites your hound.
Edmund rages.
Your hound barely misses the hound.
The hound misses your hound.
Edmund hits you with a +2 dire flail of protection!
Your hound bites the hound.
Your Spellcasting skill increases to level 5!
You swap places.
Your bat barely misses Edmund.
Edmund hits your bat with a +2 dire flail of protection!!
Your bat dies!
Your bat's corpse disappears in a puff of smoke!
Your hound bites the iguana but does no damage.
Casting: Call Imp (safe; 1% risk of failure)
Confirm with . or Enter, or press ? or * to list all spells.
Your hound disappears in a puff of smoke!
Edmund hits you with a +2 dire flail of protection!!
Edmund closely misses you.
Edmund hits you with a +2 dire flail of protection!!
You die...

#...........#
#.#########.# #.#
#.......#
##'###.#######
....##.# ....##.#
....##.#
....##.############
....##.........h@.#
....#############@#
....## #l# .....#
...l..ยง....#
.....# #.....####.#
........ .....h #
.#+#.#.# .#... ##
.#.# ..... . .. >
##..


You could see Edmund (berserk, ally target), an iguana and a friendly hound
(summoned).

Vanquished Creatures
  An ogre (D:5)
  3 scorpions
  A hound (D:4)
  4 adders
  2 dart slugs (D:3)
  3 orcs
  4 ball pythons
  6 endoplasms
  A giant cockroach (D:4)
  3 goblins
  5 hobgoblins
  4 kobolds
  2 quokkas
  7 bats
  2 frilled lizards
  4 rats
52 creatures vanquished.

Vanquished Creatures (collateral kills)
  Sigmund (D:2)
  Pargi (D:4)
  A black bear (D:4)
  3 scorpions (D:4)
  An orc priest (D:3)
  2 adders
  4 gnolls (D:3)
  A worm (D:3)
  2 orcs (D:3)
  2 ball pythons (D:1)
  A bat (D:2)
  2 giant cockroaches (D:2)
  2 goblins
  A hobgoblin (D:1)
  5 kobolds
  2 quokkas
  2 rats (D:1)
33 creatures vanquished.

Vanquished Creatures (others)
  7 fungi (D:4)
7 creatures vanquished.

Grand Total: 92 creatures vanquished

Notes
Turn   | Place    | Note
-------+----------+-------------------------------------------
     0 | D:1      | ChadusMaximus the Human Summoner began the quest for the
                  | Orb.
     0 | D:1      | Reached XP level 1. HP: 13/13 MP: 3/3
   319 | D:1      | Reached XP level 2. HP: 14/19 MP: 1/5
   929 | D:1      | Found a faded altar of an unknown god.
  1067 | D:1      | Reached XP level 3. HP: 21/24 MP: 6/6
  1478 | D:1      | Learned a level 3 spell: Call Canine Familiar
  1481 | D:1      | Learned a level 2 spell: Call Imp
  1885 | D:2      | Reached XP level 4. HP: 15/30 MP: 1/7
  2202 | D:2      | Noticed Sigmund
  2799 | D:2      | Killed Sigmund
  2800 | D:2      | Reached XP level 5. HP: 35/35 MP: 3/9
  2800 | D:2      | Reached XP level 6. HP: 41/41 MP: 3/10
  2946 | D:3      | Learned a level 4 spell: Summon Lightning Spire
  3109 | D:3      | Reached skill level 5 in Summonings
  3801 | D:3      | Reached XP level 7. HP: 46/46 MP: 12/12
  4201 | D:3      | Identified the +0 buckler of the Secret Youths {rC+ Will+
                  | Int+3 Slay-6}
  4363 | D:3      | Found a sparkling altar of Nemelex Xobeh.
  4691 | D:4      | Noticed Pargi
  4700 | D:4      | Killed Pargi
  4701 | D:4      | Reached skill level 6 in Summonings
  5682 | D:4      | Reached skill level 7 in Summonings
  5682 | D:4      | Reached XP level 8. HP: 38/52 MP: 4/14
  6266 | D:5      | Entered Level 5 of the Dungeon
  6371 | D:5      | Noticed Edmund
  6377 | D:5      | Reached skill level 5 in Spellcasting
  6379 | D:5      | Mangled by Edmund

Illustrated notes

Levels and vault maps discovered:
D:1:      ncdulo_lavacross, layout_basic, basic_ecumenical_altar
D:2:      layout_basic, uniq_sigmund
D:3:      layout_loops_corners, nemelex_spade_bored_becter, patterned_corridor
D:4:      old_forge, layout_loops_ring, uniq_pargi
D:5:      minmay_chambers_of_fours, layout_basic, uniq_edmund

Skill      XL: |  1  2  3  4  5  6  7  8 |
---------------+-------------------------+-----
Dodging        | 3 |  3.3
Stealth        | 3 |  3.5
Spellcasting   | 3 4 5 |  5.0
Summonings     | 5 7 |  7.7

Action                   |  1- 3 |  4- 6 |  7- 9 || total
-------------------------+-------+-------+-------++-------
Melee: Dagger            |    69 |       |       ||    69
       Unarmed           |     3 |       |       ||     3
       Spear             |    10 |     9 |       ||    19
       Halberd           |       |    30 |   114 ||   144
 Cast: Summon Small Mamm |    17 |     2 |     5 ||    24
       Call Canine Famil |     4 |     7 |    12 ||    23
       Call Imp          |     1 |     3 |     4 ||     8
 Stab: Sleeping          |     3 |     6 |     9 ||    18
       Distracted        |     1 |       |       ||     1
Armor: Robe              |    18 |     2 |    22 ||    42
Dodge: Dodged            |    69 |    22 |    82 ||   173
Block: Other             |     5 |     4 |    27 ||    36
